 Dungeon Crawl Stone Soup version 0.29.1-12-g30fa7ad0bf (webtiles) character file.

Game seed: 14463654348545152616

214 wormed the Trooper (level 5, -4/47 HPs)
             Began as a Minotaur Berserker on Dec 24, 2022.
             Was a Believer of Trog.
             Killed by nerve-wracking pain
             ... invoked by Grinder
              (9 damage)
             ... on level 3 of the Dungeon.
             The game lasted 00:03:50 (2670 turns).

wormed the Trooper (Minotaur Berserker)             Turns: 2670, Time: 00:03:51

Health: -4/47      AC:  6    Str: 24    XL:     5   Next: 60%
Magic:  4/4        EV: 11    Int:  4    God:    Trog [**....]
Gold:   170        SH:  0    Dex:  9    Spells: 4/4 levels left

rFire   . . .      SeeInvis .   k - +0 war axe
rCold   . . .      Faith    +   (no shield)
rNeg    . . .      Spirit   .   j - +1 ring mail {rPois}
rPois   +          Reflect  .   (helmet restricted)
rElec   .          Harm     .   (no cloak)
rCorr   .          Rampage  .   (no gloves)
Will    .....                   (no boots)
Stlth   ..........              q - amulet of faith
HPRegen 0.15/turn               u - ring of flight
MPRegen 0.09/turn               (no ring)

@: flying
A: horns 2, retaliatory headbutt
a: Renounce Religion, Berserk, Trog's Hand


You were on level 3 of the Dungeon.
You worshipped Trog.
Trog was pleased with you.
You visited 1 branch of the dungeon, and saw 3 of its levels.

You collected 170 gold pieces.

Inventory:

Hand Weapons
 a - a +0 hand axe
 k - a +0 war axe (weapon)
Missiles
 b - 6 poisoned darts (quivered)
Armour
 j - a +1 ring mail of poison resistance (worn)
Jewellery
 q - an amulet of faith (around neck)
 r - a ring of magical power
 u - a ring of flight (left hand)
Wands
 v - a wand of mindburst (15)
Scrolls
 c - 2 scrolls of enchant armour {unknown}
 d - a scroll of vulnerability {unknown}
 e - a scroll of fear {unknown}
 i - a scroll of butterflies {unknown}
 l - a scroll of torment {unknown}
 p - 3 scrolls of identify {unknown}
 s - 2 scrolls of poison {unknown}
 t - a scroll of teleportation {unknown}
Potions
 f - 2 potions of mutation {unknown}
 g - 2 potions of cancellation {unknown}
 h - a potion of brilliance {unknown}
 m - 2 potions of curing
 n - 2 potions of lignification {unknown}
 o - 4 potions of might {unknown}


   Skills:
 + Level 4.7 Fighting
 + Level 4.6 Axes
 + Level 3.8 Armour
 + Level 3.5 Dodging
 + Level 2.6 Shields


You had 4 spell levels left.
You didn't know any spells.
Your spell library was empty.

Dungeon Overview and Level Annotations

Branches:
Dungeon (3/15)

Altars:

Annotations:
D:3 Grinder


Innate Abilities, Weirdness & Mutations

You have a pair of horns on your head.
You reflexively headbutt those who attack you in melee.


Message History

The ice beast hits you but does no damage.
The ice beast hits you. The ice beast freezes you!
You hit the ice beast.
You kill the ice beast!
Trog accepts your kill.
You have reached level 5!
b - 5 poisoned darts (gained 1)
b - 6 poisoned darts (gained 1)
Found a sling.
s - 2 scrolls labelled BARHID TATH (gained 1) Grinder and a ball python come into view.
The ball python hisses angrily.
Throw: 6 darts (poison)
Press: ? - help, Q - select action, (/) - cycle Shift-Dir - straight line, f - ball python
Aim: a ball python (52% to hit)
Okay, then.
You hit the ball python.
You kill the ball python!
Trog accepts your kill.
You hit Grinder.
Grinder is lightly wounded.
Grinder hits you.
You writhe in agony.
You hit Grinder.
Grinder is moderately wounded.
Grinder gestures at you.
You suddenly lose the ability to move!
Grinder barely misses you. Grinder gestures at you.
You shrug off the repeated paralysis!
Grinder hits you. x2
You writhe in agony.
Grinder hits you!
You writhe in agony.
* * * LOW HITPOINT WARNING * * *
You can move again.
It was a potion of curing.
You feel better.
Grinder blinks!
Grinder gestures at you. Pain shoots through your body!
* * * LOW HITPOINT WARNING * * *
Grinder gestures at you. Pain shoots through your body!
You die...

######.###
#########........#
#.......#.####.#.#
#.#####.#.####.#.##
##.#####.#.##......#
#........#.##......#
#..#...............####
#..#.###.#.##....#......
#....###@#..(......#####
#........####.#.##.#
#..5.....# #......#
##.####### ###'#### #.#
##...## #.# # ##.....##
# #5# .## ##.......## ##
#.#...####.........####.
#.†......+.........'....


You could see Grinder.

Vanquished Creatures
  An ice beast (D:3)
  4 adders (D:2)
  2 worms (D:2)
  A dart slug (D:1)
  4 bats
  7 endoplasms
  2 giant cockroaches (D:1)
  6 goblins
  11 hobgoblins
  7 jackals
  3 quokkas (D:1)
  4 ball pythons
  5 frilled lizards
  4 kobolds
  4 rats
65 creatures vanquished.

Notes
Turn   | Place    | Note
-------+----------+-------------------------------------------
     0 | D:1      | wormed the Minotaur Berserker began the quest for the Orb.
     0 | D:1      | Reached XP level 1. HP: 19/19 MP: 0/0
   198 | D:1      | Reached XP level 2. HP: 27/27 MP: 1/1
   338 | D:1      | Reached skill level 1 in Shields
   561 | D:1      | Reached XP level 3. HP: 24/33 MP: 2/2
  1109 | D:2      | Reached ** piety under Trog
  1352 | D:2      | Reached XP level 4. HP: 38/38 MP: 3/3
  1846 | D:3      | Found a faded altar of an unknown god.
  2506 | D:3      | Noticed an ice beast
  2519 | D:3      | Killed an ice beast
  2520 | D:3      | Reached XP level 5. HP: 31/47 MP: 4/4
  2651 | D:3      | Noticed Grinder
  2654 | D:3      | Paralysed by Grinder for 5 turns
  2670 | D:3      | Killed from afar by Grinder

Illustrated notes

Levels and vault maps discovered:
D:1:      ebering_trefoil_3fold, layout_loops_ring
D:2:      layout_basic
D:3:      layout_loops_corners, nicolae_ecumenical_oubliette, uniq_grinder

Skill      XL: |  1  2  3  4 |
---------------+-------------+-----
Shields        | 1 2 |  2.6
Fighting       | 4 |  4.7
Axes           | 4 |  4.6
Armour         | 3 |  3.8
Dodging        | 3 |  3.5

Action                   |  1- 3 |  4- 6 || total
-------------------------+-------+-------++-------
Melee: Hand axe          |    70 |       ||    70
       Headbutt          |     9 |     9 ||    18
       War axe           |    24 |    49 ||    73
       Punch             |       |     2 ||     2
Throw: Dart              |       |     2 ||     2
  Use: Potion            |       |     1 ||     1
Armor: Animal skin       |    14 |       ||    14
       Ring mail         |    11 |    25 ||    36
Dodge: Dodged            |    55 |    25 ||    80
